 Dungeon Crawl Stone Soup version 0.31-a0-233-g139696dc86 (webtiles) character file.

Game seed: 6089657106510163281

128735 Morbidden the Thaumaturge (level 17, -5/84 HPs)
             Began as a Vine Stalker Conjurer on July 8, 2023.
             Was the Champion of Cheibriados.
             Blown up by an orb spider (45 damage)
             ... with an orb of destruction
             ... on level 2 of the Spider Nest on July 9, 2023.
             The game lasted 00:52:45 (24428 turns).

Morbidden the Thaumaturge (Vine Stalker Conjurer)  Turns: 24428, Time: 00:52:46

Health: -5/84      AC: 19    Str: 24    XL:     17   Next: 4%
Magic:  0/33       EV: 20    Int: 40    God:    Cheibriados [******]
Gold:   1147       SH: 12    Dex: 35    Spells: 11/39 levels left

rFire   + + .        b - +9 broad axe (elec)
rCold   + + +        N - +3 buckler {rC+ rF+}
rNeg    + . .        S - +4 troll leather armour
rPois   +            c - +0 helmet of Garur {Str+3}
rElec   +            Q - scarf of Hora Ema {repulsion, rElec rC+ Str-3 Int+3}
rCorr   .            d - +0 pair of gloves of Daisies {Slay+5}
SInv    .            y - +2 pair of boots
Will    ++...        L - amulet of the Garden {RegenMP *Slow rN+ Dex+4}
Stlth   +++          n - +4 ring of protection
HPRegen 1.94/turn    X - ring "Pysio" {rPois rF+ rC+++ Int-2 Stlth-}
MPRegen 0.63/turn

%: slow self (1%), repel missiles, guardian spirit
@: very slow
A: fangs 3, regeneration 1, magic shield, antimagic bite, no potion heal 2
a: Renounce Religion, Bend Time, Temporal Distortion, Slouch, Step From Time


You were on level 2 of the Spider Nest.
You worshipped Cheibriados.
Cheibriados was exalted by your worship.
You visited 5 branches of the dungeon, and saw 25 of its levels.
You also visited: Bailey, Gauntlet and Volcano.

You collected 3638 gold pieces.
You spent 2491 gold pieces at shops.

Inventory:

Hand Weapons
 a - the +8 short sword of Sapec {spect, rPois Will- Int+5 SInv}
   (You found it on level 2 of the Dungeon)

   Int:       It affects your intelligence (+5).
   rPois:     It protects you from poison.
   SInv:      It lets you see invisible.
   Will:      It decreases your willpower.
 b - a +9 broad axe of electrocution (weapon)
 j - a +4 scimitar of flaming
Missiles
 z - 8 curare-tipped darts (quivered)
Armour
 c - the +0 helmet of Garur (worn) {Str+3}
   (You found it on level 4 of the Lair of Beasts)

   Str:       It affects your strength (+3).
 d - the +0 pair of gloves of Daisies (worn) {Slay+5}
   (You acquired it on level 7 of the Dungeon)

   Slay:      It affects your accuracy & damage with ranged weapons and melee
   (+5).
 i - a +0 cloak
 y - a +2 pair of boots (worn)
 C - a +1 chain mail of fire resistance
 H - the +1 helmet of Cloud Cover {+Blink Will+}
   (You found it in a Gauntlet)

   +Blink:    It lets you blink.
   Will:      It increases your willpower.
 K - the +2 plate armour of Asceticism {rC- rN+++ Will++ rCorr}
   (You found it on level 13 of the Dungeon)

   rC:        It makes you vulnerable to cold.
   rN:        It renders you almost immune to negative energy.
   rCorr:     It protects you from acid and corrosion.
   Will:      It greatly increases your willpower.
 N - a +3 buckler of resistance (worn)
 Q - the scarf of Hora Ema (worn) {repulsion, rElec rC+ Str-3 Int+3}
   (You found it on level 10 of the Dungeon)

   Str:       It affects your strength (-3).
   Int:       It affects your intelligence (+3).
   rC:        It protects you from cold.
   rElec:     It insulates you from electricity.
 S - a +4 troll leather armour (worn)
Magical Staves
 W - a staff of conjuration
Jewellery
 n - a +4 ring of protection (left hand)
 q - a ring of resist corrosion
 t - the ring of Sovereignty {rF+ Str+2 Int+6}
   (You found it in a Gauntlet)

   [ring of intelligence]

   Str:       It affects your strength (+2).
   Int:       It affects your intelligence (+6).
   rF:        It protects you from fire.
 v - a ring of fire
 L - the amulet of the Garden (around neck) {RegenMP *Slow rN+ Dex+4}
   (You found it in a Gauntlet)

   [amulet of magic regeneration]

   It increases your rate of magic regeneration.
   Dex:       It affects your dexterity (+4).
   rN:        It protects you from negative energy.
   *Slow:     It may slow you when you take damage.
 X - the ring "Pysio" (right hand) {rPois rF+ rC+++ Int-2 Stlth-}
   (You acquired it in a bailey)

   [ring of protection from fire]

   Int:       It affects your intelligence (-2).
   rF:        It protects you from fire.
   rC:        It renders you almost immune to cold.
   rPois:     It protects you from poison.
   Stlth:     It makes you less stealthy.
Wands
 m - a wand of mindburst (15)
 u - a wand of roots (21)
 G - a wand of flame (20)
 M - a wand of digging (3)
Scrolls
 e - 10 scrolls of identify
 h - 3 scrolls of fear
 k - 2 scrolls of enchant armour
 r - 3 scrolls of immolation
 w - 4 scrolls of poison
 A - 3 scrolls of amnesia
 E - 4 scrolls of teleportation
 I - a scroll of brand weapon
 O - 5 scrolls of blinking
 P - 2 scrolls of enchant weapon
 U - a scroll of butterflies
 V - 2 scrolls of silence
 Z - 2 scrolls of revelation
Potions
 f - 6 potions of mutation
 g - 7 potions of enlightenment
 l - 6 potions of magic
 o - 3 potions of invisibility
 p - 8 potions of curing
 s - 9 potions of might
 x - 4 potions of berserk rage
 B - a potion of cancellation
 D - a potion of lignification
 F - a potion of attraction
 J - 3 potions of haste
 Y - 3 potions of resistance
Miscellaneous
 R - a lightning rod (4/4)
 T - a condenser vane (inert)


   Skills:
 * Level 7.2 Fighting
 + Level 4.8(5.2) Short Blades
 * Level 2.8(4.2) Long Blades
 * Level 9.5 Axes
 * Level 7.3 Armour
 * Level 7.3 Dodging
 + Level 6.8 Stealth
 * Level 7.7 Shields
 * Level 11.5 Spellcasting
 * Level 10.4 Conjurations
 * Level 8.7 Translocations
 * Level 2.4 Fire Magic
 * Level 8.5 Air Magic
 * Level 8.1 Invocations
 * Level 7.4 Evocations


You had 11 spell levels left.
You knew the following spells:

 Your Spells              Type           Power      Damage    Failure   Level
a - Airstrike             Air            37%        2d(6-22)  1%          4
b - Manifold Assault      Tloc           76%        N/A       1%          4
c - Blink                 Tloc           100%       N/A       1%          2
d - Magic Dart            Conj           100%       1d8       1%          1
e - Searing Ray           Conj           100%       2d8       1%          2
f - Fireball              Conj/Fire      33%        3d14      3%          5
x - Conjure Ball Lightni  Conj/Air       39%        3x3d13    6%          6
z - Iskenderun's Mystic   Conj/Tloc      79%        2d16      1%          4

Your spell library contained the following spells:

 Spells                   Type           Power      Damage    Failure   Level
 Apportation              Tloc           100%       N/A       1%          1
 Kiss of Death            Conj/Necr      100%       2d13      1%          1
 Shock                    Conj/Air       100%       1d9       1%          1
 Slow                     Hex            92%        N/A       1%          1
 Momentum Strike          Conj/Tloc      100%       3d10      1%          2
 Scorch                   Fire           86%        2d8       1%          2
 Static Discharge         Conj/Air       100%       2-7/arc   1%          2
 Dazzling Flash           Conj/Hex       100%       N/A       1%          3
 Swiftness                Air            75%        N/A       1%          3
 Teleport Other           Tloc           76%        N/A       1%          3
 Flame Wave               Conj/Fire      66%        2d15      1%          4
 Passage of Golubria      Tloc           76%        N/A       1%          4
 Sticky Flame             Conj/Fire      66%        2d8       1%          4
 Iskenderun's Battlesphe  Conj           82%        2d13      1%          5
 Fulminant Prism          Conj/Hex       30%        3d16      2%          4
 Ensorcelled Hibernation  Hex/Ice        46%        N/A       3%          2
 Passwall                 Tmut/Erth      19%        N/A       3%          2
 Sublimation of Blood     Necr           23%        N/A       3%          2
 Wereblood                Tmut           23%        N/A       3%          2
 Inner Flame              Hex/Fire       33%        N/A       3%          3
 Summon Lightning Spire   Summ/Air       55%        N/A       3%          4
 Confusing Touch          Hex            23%        N/A       6%          3
 Ozocubu's Armour         Ice            23%        N/A       6%          3
 Tukima's Dance           Hex            23%        N/A       6%          3
 Vampiric Draining        Necr           23%        2d7       6%          3
 Dispel Undead            Necr           23%        3d12      21%         4
 Orb of Destruction       Conj           41%        9d11      22%         7
 Yara's Violent Unravell  Hex/Tmut       11%        3d6       50%         5
 Storm Form               Tmut/Air       27%        N/A       96%         7
 Summon Cactus Giant      Summ           11%        N/A       97%         6
 Disjunction              Tloc           38%        N/A       98%         8
 Ozocubu's Refrigeration  Ice            11%        4d10      100%        7
 Summon Hydra             Summ           11%        N/A       100%        7
 Borgnjor's Revivificati  Necr           11%        N/A       100%        8
 Necromutation            Tmut/Necr      11%        N/A       100%        8
 Death's Door             Necr           11%        N/A       100%        9


Dungeon Overview and Level Annotations

Branches:
Dungeon (15/15)            Temple (1/1) D:5            Lair (5/5) D:9
  Swamp (0/4) Lair:3       Spider (2/4) Lair:3        Slime (0/5) Lair:5
    Orc (2/2) D:10            Elf (0/3) Orc:2        Vaults (0/5) D:13
 Depths (0/4) D:15         Bailey (visited)         Volcano (visited)
Gauntlet (visited)

Altars:
Cheibriados
Elyvilon
Fedhas
Gozag
Hepliaklqana
Kikubaaqudgha
Makhleb
Nemelex Xobeh
Okawaru
Qazlal
Sif Muna
Uskayaw
Vehumet
Wu Jian
Xom
The Shining One
Jiyva

Shops:
D:1 *   D:2 (   D:9 ?=?!:   Orc:2 [!::

Portals:
Hell: Lair:5
Trove: D:15 (give 9 potions of haste)

Annotations:
D:11 3 runed translucent doors, asdu's ghost, journeyman VSEn
D:12 2 runed translucent doors, exclusion: orange crystal statue
Spider:2 Donald


Innate Abilities, Weirdness & Mutations

You have razor-sharp teeth.
Your natural rate of healing is unusually fast.
When hurt, damage is shared between your health and your magic reserves.
Your bite disrupts and absorbs the magic of your enemies.
Potions cannot restore your health.


Message History

Confirm with . or Enter, or press ? or * to list all spells.
You can't see any susceptible monsters within range! (Use Z to cast anyway.) Unknown command.
You start resting.
An orb spider is nearby!
Casting: Airstrike (mildly dangerous; 1% risk of failure)
Confirm with . or Enter, or press ? or * to list all spells.
Space momentarily warps into an impossible shape!
The orb spider's many legs skitter faintly.
You hit the orb spider.
The orb spider spins a strand of pure energy.
Unknown command.
Casting: Manifold Assault (mildly dangerous; 1% risk of failure)
Confirm with . or Enter, or press ? or * to list all spells.
Space momentarily warps into an impossible shape!
You slash the orb spider!
The orb spider weaves a glowing orb of energy.
An orb of destruction comes into view.
Unknown command.
Casting: Manifold Assault (mildly dangerous; 1% risk of failure)
Confirm with . or Enter, or press ? or * to list all spells.
Space momentarily warps into an impossible shape!
You slice the orb spider!!
The orb spider begins to weave its threads into a brightly glowing ball.
The orb of destruction hits you!!!
Ouch! That really hurt!
Casting: Manifold Assault (mildly dangerous; 1% risk of failure)
Confirm with . or Enter, or press ? or * to list all spells.
Space momentarily warps into an impossible shape!
You closely miss the orb spider.
The orb spider weaves a glowing orb of energy.
An orb of destruction comes into view.
Casting: Manifold Assault (mildly dangerous; 1% risk of failure)
Confirm with . or Enter, or press ? or * to list all spells.
Space momentarily warps into an impossible shape!
You completely miss the orb spider.
The orb spider pulsates with a strange energy.
The orb of destruction hits you!!!
Ouch! That really hurt!
You die...

.. ##.~## .#. .. #.....#
#^. . .^ ....... #..# .~
.s ....... ..^ ... .
....... .. ..## ^.
.....?.#.#^.... ..
.......^....#.. ..
#......@....... ..
###..#○°.^............#.
#. ..☼.......#^.. .....
#...○......^.......#$.
.....○.................
#^....s.#...^!..(...#.@.
....#.............>..§..
...#..#......#.......§..
.....†.<.


You could see an orb spider (charged).

Vanquished Creatures
  Rupert (Orc:2)
  A frost giant (D:15)
  Louise (Spider:1)
  An orc warlord (Bailey)
  The ghost of grizmgrazm2 the Fighter, a journeyman GrFi of Sif Muna (D:13)
  Azrael (D:14)
  A spark wasp (Spider:1)
  A minotaur (Gauntlet)
  Snorg (D:11)
  An entropy weaver (Spider:1)
  Josephine (D:14)
  Erolcha (Orc:2)
  7 hydras
  An ogre mage (D:15)
  3 vault guards (D:13)
  A death knight (D:14)
  A centaur warrior (D:14)
  A radroach (Spider:1)
  3 catoblepae
  A hell hog (Gauntlet)
  3 boulder beetles
  8 death yaks
  8 two-headed ogres
  2 tengu warriors (D:15)
  Urug (Orc:2)
  4 demonic crawlers
  An orc high priest (Orc:1)
  A sun demon (Lair:5)
  2 sixfirhies (Gauntlet)
  11 skeletal warriors
  Amaemon (D:9)
  A shadow wraith (D:13)
  2 skysharks
  5 pharaoh ants
  Lodul (D:14)
  2 orb spiders
  2 wizards
  An anaconda skeleton (Volcano)
  3 steelbarb worms
  3 deep elf pyromancers
  2 lindwurms
  An ugly thing (D:13)
  A manticore (D:13)
  5 wolf spiders
  11 orc sorcerers
  An oklob plant (Lair:4)
  An orc knight (Bailey)
  7 cyclopes
  4 elephants (Lair:3)
  3 black mambas
  3 gargoyles (Volcano)
  12 cane toads
  3 torpor snails
  A smoke demon (Lair:5)
  2 unseen horrors
  2 orange demons
  14 komodo dragons
  4 rime drakes
  3 kobold demonologists (D:12)
  A yaktaur (D:15)
  An ice devil (Lair:5)
  2 freezing wraiths (D:13)
  4 red devils (Lair:5)
  A harpy skeleton (Volcano)
  A troll (shapeshifter) (D:15)
  4 tyrant leeches (Lair:3)
  3 polar bears
  6 trolls
  A hornet (D:14)
  9 tarantellas
  9 blink frogs
  A spectral meliai (D:13)
  3 flying skulls (Volcano)
  10 slime creatures (D:13)
  An alligator skeleton (Volcano)
  7 wyverns
  73 yaks
  22 jumping spiders
  A shadow (D:12)
  7 wraiths
  10 culicivoras
  A human (shapeshifter) (D:15)
  2 vampires
  4 basilisks
  A fire elemental (D:14)
  9 humans (D:13)
  3 fire bats (Gauntlet)
  A steam dragon (D:10)
  28 redbacks
  7 vampire mosquitoes
  A redback simulacrum (D:15)
  Grum (D:9)
  2 wargs (Orc:1)
  A swamp worm (Lair:3)
  An acid dragon (D:10)
  14 water moccasins
  8 hell hounds
  A hornet zombie (D:13)
  6 black bears
  18 orc warriors
  5 ice beasts (D:9)
  15 ogres
  25 wolves
  3 centaurs
  A phantom (D:4)
  A kobold brigand (D:12)
  10 bullfrogs
  2 gnoll sergeants
  6 scorpions
  3 wights (D:9)
  5 spriggan skeletons (D:13)
  3 troll skeletons
  3 howler monkeys
  3 electric eels
  4 hounds
  7 jellies
  20 orc priests
  A gnoll bouda (D:5)
  A spectral boggart (D:13)
  3 iguanas
  6 hell rats (Lair:4)
  36 orc wizards
  A sleepcap (D:8)
  A boggart simulacrum (D:13)
  15 gnolls
  6 adders
  An ufetubus (D:5)
  4 worms
  A dart slug (D:3)
  87 orcs
  5 ball pythons
  4 endoplasms
  7 giant cockroaches
  13 goblins
  11 hobgoblins
  3 jackals (D:3)
  A quokka (D:4)
  4 bats
  4 frilled lizards
  16 kobolds
  8 rats
  A spectral goblin (D:3)
814 creatures vanquished.

Vanquished Creatures (collateral kills)
  13 ball lightnings
13 creatures vanquished.

Vanquished Creatures (others)
  A demonic crawler (Spider:1)
  122 ball lightnings
123 creatures vanquished.

Grand Total: 950 creatures vanquished

Notes
Turn   | Place    | Note
-------+----------+-------------------------------------------
     0 | D:1      | Morbidden the Vine Stalker Conjurer began the quest for the
                  | Orb.
     0 | D:1      | Reached XP level 1. HP: 9/9 MP: 4/4
   113 | D:1      | Reached XP level 2. HP: 12/13 MP: 1/6
   116 | D:1      | Learned a level 2 spell: Searing Ray
   184 | D:1      | Found Dasafomou's Assorted Antiques.
   718 | D:1      | Learned a level 2 spell: Blink
   895 | D:2      | Reached XP level 3. HP: 16/16 MP: 1/7
  1224 | D:2      | Reached skill level 5 in Conjurations
  1224 | D:2      | Gained mutation: Your natural rate of healing is unusually
                  | fast. [Vine Stalker growth]
  1224 | D:2      | Reached XP level 4. HP: 15/21 MP: 1/8
  1308 | D:2      | Identified the +8 short sword of Sapec {spect, rPois Will-
                  | Int+5 SInv}
  1334 | D:2      | Found Cauplec's Weapon Shoppe.
  2128 | D:3      | Found a faded altar of an unknown god.
  2362 | D:3      | Found an opulent altar of Gozag.
  2366 | D:3      | Found an opulent altar of Gozag.
  2371 | D:3      | Found an opulent altar of Gozag.
  2411 | D:3      | Found an opulent altar of Gozag.
  2607 | D:3      | Found a blossoming altar of Fedhas.
  2881 | D:4      | Noticed a black bear
  2889 | D:4      | Killed a black bear
  2890 | D:4      | Reached skill level 1 in Short Blades
  2890 | D:4      | Reached skill level 1 in Armour
  2890 | D:4      | Reached skill level 3 in Spellcasting
  2890 | D:4      | Reached XP level 5. HP: 24/25 MP: 7/10
  3095 | D:4      | Reached XP level 6. HP: 29/29 MP: 2/11
  3193 | D:4      | Reached skill level 1 in Fighting
  3193 | D:4      | Reached skill level 1 in Translocations
  3379 | D:4      | Found a stormy altar of Qazlal.
  3856 | D:5      | Entered Level 5 of the Dungeon
  3870 | D:5      | Found a shimmering altar of Xom.
  3888 | D:5      | Reached XP level 7. HP: 33/33 MP: 0/13
  4033 | D:5      | Found a glowing golden altar of the Shining One.
  4380 | D:5      | Reached skill level 4 in Spellcasting
  4531 | D:5      | Reached skill level 1 in Evocations
  4702 | D:5      | Found a staircase to the Ecumenical Temple.
  4741 | Temple   | Entered the Ecumenical Temple
  4746 | Temple   | Became a worshipper of Cheibriados the Contemplative
  5199 | D:6      | Gained mutation: You have razor-sharp teeth. [Vine Stalker
                  | growth]
  5199 | D:6      | Reached XP level 8. HP: 37/37 MP: 12/15
  5424 | D:6      | Identified the +2 leather armour "Vaffad" {Dex+2 Stlth+}
  5815 | D:6      | Reached skill level 5 in Spellcasting
  5815 | D:6      | Reached skill level 1 in Invocations
  6065 | D:7      | Identified 2 scrolls of acquirement
  6066 | D:7      | Acquired 1094 gold pieces
  6079 | D:7      | Found a hazy altar of Hepliaklqana.
  6134 | D:7      | Reached * piety under Cheibriados
  6163 | D:7      | Acquired the +0 pair of gloves of Daisies {Slay+5}
  6296 | D:7      | Found a shimmering blue altar of Sif Muna.
  6309 | D:7      | Identified the +5 war axe "Kuoprom" {flame, rPois}
  6522 | D:7      | Found a hide-covered altar of Uskayaw.
  6592 | D:7      | Found an ornate altar of the Wu Jian Council.
  6685 | D:7      | You fall into a shaft and drop 2 floors!
  6690 | D:9      | Found Bifif's Distillery.
  6725 | D:9      | Bought a potion of berserk rage for 70 gold pieces
  6725 | D:9      | Bought 2 potions of enlightenment for 140 gold pieces
  6725 | D:9      | Bought a potion of might for 56 gold pieces
  6725 | D:9      | Bought a potion of curing for 42 gold pieces
  6990 | D:8      | Reached XP level 9. HP: 15/43 MP: 2/18
  7674 | D:8      | Reached ** piety under Cheibriados
  7682 | D:8      | Learned a level 4 spell: Iskenderun's Mystic Blast
  7812 | D:9      | Found Ynol's Magic Scroll Shop.
  7857 | D:9      | Reached skill level 6 in Spellcasting
  7969 | D:9      | Bought a scroll of blinking for 120 gold pieces
  7969 | D:9      | Bought a scroll of enchant weapon for 120 gold pieces
  8044 | D:9      | Noticed a boulder beetle
  8103 | D:9      | Found Taxzikul's Magic Scroll Shop.
  8111 | D:9      | Bought a scroll of enchant armour for 97 gold pieces
  8111 | D:9      | Bought a scroll of poison for 52 gold pieces
  8118 | D:9      | Noticed Grum
  8121 | D:9      | Reached skill level 1 in Shields
  8124 | D:9      | Reached skill level 5 in Stealth
  8137 | D:9      | Killed Grum
  8138 | D:9      | Reached XP level 10. HP: 26/49 MP: 1/20
  8160 | D:9      | Killed a boulder beetle
  8277 | D:9      | Noticed an orange demon
  8286 | D:9      | Killed an orange demon
  8306 | D:9      | Found a staircase to the Lair.
  8310 | D:9      | Noticed Amaemon
  8322 | D:9      | Killed Amaemon
  8323 | D:9      | Reached skill level 7 in Spellcasting
  8351 | D:9      | Found Zeli's Jewellery Boutique.
  8359 | D:9      | Bought an amulet of magic regeneration for 420 gold pieces
  8418 | D:9      | Found an iron altar of Okawaru.
  8496 | D:9      | Reached *** piety under Cheibriados
  8575 | D:9      | Found Viqecrux's Book Boutique.
  8602 | D:9      | Bought a book of Air for 286 gold pieces
  8607 | D:9      | Learned a level 4 spell: Airstrike
  8955 | D:10     | Entered Level 10 of the Dungeon
  8963 | D:10     | Found a staircase to the Orcish Mines.
  8967 | D:10     | Identified the scarf of Hora Ema {repulsion, rElec rC+
                  | Str-3 Int+3}
  8983 | D:10     | Found a flagged portal.
  9001 | Bailey   | Entered a bailey
  9006 | Bailey   | Noticed an orc warlord
  9052 | Bailey   | Noticed an orc knight
  9144 | Bailey   | Found a runed translucent gate.
  9151 | Bailey   | Killed an orc knight
  9281 | Bailey   | Found a runed translucent gate.
  9290 | Bailey   | Found a runed translucent gate.
  9476 | Bailey   | Killed an orc warlord
  9477 | Bailey   | Reached skill level 1 in Air Magic
  9477 | Bailey   | Reached XP level 11. HP: 53/53 MP: 18/22
  9503 | Bailey   | Acquired the ring "Pysio" {rPois rF+ rC+++ Int-2 Stlth-}
  9566 | D:9      | Bought a scroll of enchant weapon for 97 gold pieces
  9566 | D:9      | Bought a scroll of brand weapon for 123 gold pieces
  9584 | D:10     | Noticed a two-headed ogre
  9588 | D:10     | Reached **** piety under Cheibriados
  9593 | D:10     | Killed a two-headed ogre
  9641 | D:10     | Reached skill level 1 in Axes
  9692 | D:10     | Reached skill level 5 in Translocations
 10402 | D:10     | Noticed a two-headed ogre
 10407 | D:10     | Killed a two-headed ogre
 10491 | Lair:1   | Entered Level 1 of the Lair of Beasts
 10571 | Lair:1   | Found a dark tunnel.
 10579 | Volcano  | Entered a volcano
 10749 | Volcano  | Reached XP level 12. HP: 50/58 MP: 19/24
 11078 | Lair:1   | Reached skill level 5 in Dodging
 11297 | Lair:1   | Reached skill level 5 in Invocations
 11325 | Lair:1   | Found a sparkling altar of Nemelex Xobeh.
 11345 | Lair:1   | Reached skill level 5 in Axes
 11470 | Lair:1   | Reached ***** piety under Cheibriados
 11857 | Lair:2   | Reached skill level 5 in Evocations
 11859 | Lair:2   | Reached skill level 8 in Spellcasting
 11900 | Lair:2   | Noticed an eight-headed hydra
 12469 | Lair:2   | Killed an eight-headed hydra
 12623 | Lair:3   | Found a staircase to the Swamp.
 12642 | Lair:3   | Reached skill level 5 in Fighting
 12683 | Lair:3   | Reached XP level 13. HP: 63/63 MP: 26/26
 12908 | Lair:3   | Found a hole to the Spider Nest.
 13007 | Lair:3   | Reached skill level 5 in Shields
 13010 | Lair:3   | Reached skill level 5 in Armour
 13687 | Lair:4   | Reached skill level 9 in Spellcasting
 13844 | Lair:4   | Identified the +3 flail of Morbidden's Peril {heavy, rPois
                  | rC+ Str+3 Dex-2}
 13909 | Lair:4   | Reached ****** piety under Cheibriados
 13911 | Lair:4   | Reached XP level 14. HP: 68/68 MP: 28/28
 14324 | Lair:4   | Identified the +0 helmet of Garur {Str+3}
 14344 | Lair:4   | Reached skill level 5 in Air Magic
 14829 | Lair:5   | Entered Level 5 of the Lair of Beasts
 14899 | Lair:5   | Found a runed translucent door.
 14899 | Lair:5   | Found a viscous altar of Jiyva.
 15546 | Lair:5   | Found a burning altar of Makhleb.
 15585 | Lair:5   | Found a gateway to Hell.
 15902 | Lair:5   | Found a staircase to the Slime Pits.
 16175 | D:11     | Noticed Snorg
 16184 | D:11     | Killed Snorg
 16807 | D:11     | Found a runed translucent gate.
 16807 | D:11     | Found a runed translucent gate.
 16807 | D:11     | Found a runed translucent gate.
 16813 | D:11     | Noticed asdu's ghost (journeyman VSEn)
 16989 | D:12     | Found a runed translucent door.
 17211 | D:12     | Found a runed translucent door.
 17231 | D:12     | Found a runed translucent door.
 17242 | D:12     | Found a runed translucent door.
 17775 | D:13     | Reached XP level 15. HP: 73/73 MP: 21/29
 17799 | D:13     | Reached skill level 10 in Spellcasting
 17846 | D:13     | Found a transporter.
 18295 | D:13     | Noticed grizmgrazm2's ghost (journeyman GrFi)
 18512 | D:13     | Identified the +2 plate armour of Asceticism {rC- rN+++
                  | Will++ rCorr}
 18517 | D:13     | Found a gate to the Vaults.
 18678 | D:13     | Found a transporter.
 19010 | D:14     | Noticed Josephine
 19014 | D:14     | Killed Josephine
 19181 | D:14     | Noticed Lodul
 19190 | D:14     | Noticed Azrael
 19196 | D:14     | Killed Lodul
 19199 | D:14     | Killed Azrael
 19401 | D:14     | Found a hazy altar of Hepliaklqana.
 19538 | D:15     | Entered Level 15 of the Dungeon
 19555 | D:15     | Reached skill level 10 in Conjurations
 19563 | D:15     | Found a portal to a secret trove of treasure.
 19594 | D:15     | Found a gate leading to a gauntlet.
 19603 | Gauntlet | Entered a Gauntlet
 19603 | Gauntlet | Found a transporter.
 19603 | Gauntlet | Found a transporter.
 19603 | Gauntlet | Found a transporter.
 19604 | Gauntlet | Found a transporter.
 19607 | Gauntlet | Found a transporter.
 19617 | Gauntlet | Found a transporter.
 19684 | Gauntlet | Found a transporter.
 19694 | Gauntlet | Found a transporter.
 19709 | Gauntlet | Found a transporter.
 19724 | Gauntlet | Found a transporter.
 19734 | Gauntlet | Found a transporter.
 19740 | Gauntlet | Found a transporter.
 19818 | Gauntlet | Identified the ring of Sovereignty {rF+ Str+2 Int+6}
 19827 | Gauntlet | Identified the amulet of the Garden {RegenMP *Slow rN+
                  | Dex+4}
 19865 | Gauntlet | Identified the +1 helmet of Cloud Cover {+Blink Will+}
 19867 | Gauntlet | Got the Teachings on Shifting
 20308 | D:15     | Reached skill level 1 in Long Blades
 20310 | D:15     | Found a staircase to the Depths.
 20310 | D:15     | Noticed a frost giant
 20317 | D:15     | Killed a frost giant
 20520 | D:15     | Reached XP level 16. HP: 78/79 MP: 29/31
 20724 | D:13     | Killed grizmgrazm2's ghost
 20908 | Orc:1    | Entered Level 1 of the Orcish Mines
 20948 | Orc:1    | Learned a level 6 spell: Conjure Ball Lightning
 21241 | Orc:1    | Learned a level 5 spell: Fireball
 21526 | Orc:2    | Entered Level 2 of the Orcish Mines
 21531 | Orc:2    | Reached skill level 11 in Spellcasting
 21677 | Orc:2    | Noticed Rupert
 21678 | Orc:2    | Paralysed by Rupert for 2 turns
 21683 | Orc:2    | Killed Rupert
 21952 | Orc:2    | Paralysed by an orc sorcerer for 4 turns
 22050 | Orc:2    | Found Hiomap's Book Boutique.
 22150 | Orc:2    | Found a radiant altar of Vehumet.
 22163 | Orc:2    | Noticed Urug
 22168 | Orc:2    | Killed Urug
 22189 | Orc:2    | Noticed Erolcha
 22196 | Orc:2    | Killed Erolcha
 22210 | Orc:2    | Found an ancient bone altar of Kikubaaqudgha.
 22266 | Orc:2    | Found Haqasut's Book Shop.
 22281 | Orc:2    | Found Xofai's Antique Armour Boutique.
 22338 | Orc:2    | Found Minkun's Distillery.
 22456 | Orc:2    | Found a staircase to the Elven Halls.
 22622 | Orc:2    | Bought a slimy plate armour for 868 gold pieces
 22622 | Orc:2    | Identified the +6 plate armour of the Blacksmith {Harm
                  | Will- Dex+2} (You bought it in a shop on level 2 of the
                  | Orcish Mines)
 22794 | Spider:1 | Entered Level 1 of the Spider Nest
 22831 | Spider:1 | Reached skill level 1 in Fire Magic
 22881 | Spider:1 | Learned a level 4 spell: Manifold Assault
 23095 | Spider:1 | Noticed Louise
 23154 | Spider:1 | Killed Louise
 23905 | Spider:2 | Noticed Donald
 24158 | Spider:2 | Reached XP level 17. HP: 64/84 MP: 7/33
 24428 | Spider:2 | Blown up by an orb spider

Illustrated notes

Levels and vault maps discovered:
D:1:      minmay_arrival_open_corners, layout_loops_cross, serial_shops,
          nicolae_shop_pleasant_corner_grove
D:2:      layout_loops_corners, serial_shops, shop, st_stairs_7
D:3:      layout_basic, nicolae_gozag_conspicuous_consumption,
          mainiacjoe_overflow_six_doors_small,
          dreamdust_ecumenical_altar_drowned_temple, nicolae_wormholes
D:4:      layout_loops_corners, kennysheep_little_box, st_stairs_8
D:5:      layout_loops_ring, overflow_temple_1_default,
          mainiacjoe_overflow_concentric_impassable,
          minmay_temple_entry_drinking_statues
D:6:      layout_gridville
D:7:      layout_loops_ring, mainiacjoe_overflow_24_doors,
          nicolae_wu_jian_immortal_techniques, amcnicky_altar_gilded, minitemple
D:8:      layout_loops_corners, chequers_serial_rivers_micro_c
D:9:      layout_long_grid, kennysheep_okawaru_gauntlet,
          hellmonk_lair_entry_icy, serial_shops, shop,
          nicolae_shop_pleasant_corner_grove, nicolae_shop_industrial_runoff,
          nicolae_shop_just_a_little_nook, kennysheep_mini_moat, uniq_amaemon,
          uniq_grum
D:10:     layout_gridville, orc_0_dummy, enter_bailey_4, roderic_serpentine_path
D:11:     layout_loops_ring, gammafunk_ghost_necromancy, uniq_snorg
D:12:     layout_roguey, minmay_statue_crystal_thing
D:13:     layout_small_grid, ximxim_vaults_locker_room,
          gammafunk_ghost_mausoleum, hangedman_tell_no_tales
D:14:     layout_rooms, kennysheep_decorative_pillar,
          worldfamousw_hep_ancestral_shrine, uniq_azrael, uniq_lodul,
          uniq_josephine
D:15:     grunt_enter_depths_snipers, layout_loops_ring,
          nicolae_trove_entry_crossroad, nrook_mini_backslash,
          gauntlet_entry_generic
Temple:   hellmonk_temple_of_storms
Lair:1:   layout_hall_layers, basic_altar, enter_volcano_2
Lair:2:   layout_cave_pods, beast_lair_carwin_8
Lair:3:   layout_gridlike, minmay_swamp_entry_worms,
          nicolae_spider_entry_non_spiders, hibernation_bobbens,
          serial_bayou_shore_a, serial_bayou_shore_b
Lair:4:   layout_cave_pods, grunt_forest_large_clearing_hut, grunt_megastairs_4
Lair:5:   evil_forest, layout_misc_corridors, slime_entry_2
Spider:1: layout_spider_delve, uniq_louise
Spider:2: layout_spider_delve, uniq_donald
Orc:1:    layout_caves, statue_in_the_mist_lemuel
Orc:2:    kennysheep_orc_mage_school, layout_caves, abandoned_shop, uniq_urug,
          uniq_rupert

Skill      XL: |  1  2  3  4  5  6  7  8  9 10 11 12 13 14 15 16 |
---------------+-------------------------------------------------+-----
Conjurations   | 5 6 7 8 9 10 | 10.4
Short Blades   | 1 2 3 4 |  4.8
Armour         | 1 2 3 4 5 6 7 |  7.3
Spellcasting   | 3 4 5 6 7 8 9 10 11 | 11.5
Stealth        | 3 4 5 6 |  6.8
Fighting       | 1 2 3 4 5 6 7 |  7.2
Dodging        | 2 3 4 5 6 7 |  7.3
Translocations | 1 2 3 4 5 6 7 8 |  8.7
Evocations     | 1 2 3 4 5 6 7 |  7.4
Invocations    | 1 3 4 5 6 7 8 |  8.1
Shields        | 1 2 3 4 5 6 7 |  7.7
Air Magic      | 1 2 3 4 6 7 8 |  8.5
Axes           | 4 5 6 7 8 9 |  9.5
Long Blades    | 1 2 |  2.8
Fire Magic     | 2 |  2.4

Action                     |  1- 3 |  4- 6 |  7- 9 | 10-12 | 13-15 | 16-18 || total
---------------------------+-------+-------+-------+-------+-------+-------++-------
  Melee: Unarmed           |     4 |       |       |       |       |       ||     4
         Bite              |     1 |     4 |    17 |    78 |   174 |    63 ||   337
         Rapier            |     1 |       |       |       |       |       ||     1
         Short sword       |       |    23 |    59 |   155 |    14 |       ||   251
         Staff             |       |       |     8 |       |       |       ||     8
         Broad axe         |       |       |       |   101 |   438 |   217 ||   756
  Throw: Dart              |       |       |       |       |    10 |     5 ||    15
   Cast: Magic Dart        |    50 |    67 |    61 |    39 |     1 |       ||   218
         Searing Ray       |       |     5 |    31 |    12 |     1 |       ||    49
         Iskenderun's Myst |       |       |     3 |    14 |    77 |    15 ||   109
         Airstrike         |       |       |       |    16 |   159 |    54 ||   229
         Conjure Ball Ligh |       |       |       |       |       |    58 ||    58
         Manifold Assault  |       |       |       |       |       |    21 ||    21
         Fireball          |       |       |       |       |       |    13 ||    13
 Invoke: Slouch            |       |       |       |     3 |     5 |     4 ||    12
  Evoke: Wand              |       |       |     1 |     3 |     4 |     1 ||     9
         Condenser vane    |       |       |       |       |       |     1 ||     1
    Use: Scroll            |       |       |    10 |    18 |    12 |     2 ||    42
         Potion            |       |       |       |     1 |     1 |       ||     2
   Stab: Sleeping          |       |     1 |     6 |     3 |    17 |       ||    27
         Distracted        |       |       |       |    13 |     2 |     1 ||    16
         Petrifying        |       |       |       |       |     2 |       ||     2
         Petrified         |       |       |       |       |     1 |       ||     1
 Armour: Robe              |     2 |     3 |       |       |       |       ||     5
         Leather armour    |       |    10 |    26 |    37 |       |       ||    73
         Skin              |       |       |       |    12 |       |       ||    12
         Chain mail        |       |       |       |    31 |       |       ||    31
         Troll leather arm |       |       |       |    50 |   174 |    90 ||   314
         Scale mail        |       |       |       |     6 |       |       ||     6
         Plate armour      |       |       |       |       |    23 |       ||    23
  Dodge: Dodged            |     6 |    17 |    67 |   193 |   370 |   254 ||   907
         Repelled          |       |       |       |     3 |     5 |     1 ||     9
  Block: Buckler           |       |       |    11 |   166 |   293 |   184 ||   654

Table legend: (Time is in decaauts)
 A = Elapsed time spent in this place.
 B = Non-inter-level travel time spent in this place.
 C = Inter-level travel time spent in this place.
 D = Time resting spent in this place.
 E = Time spent auto-exploring this place.
 F = Levels seen in this place.
 G = Mean time per level.
                   A        B        C        D        E       F      G
               +--------+--------+--------+--------+--------+-----+--------+
         Total |  35547 |  32980 |   2567 |   1528 |  25557 |  28 | 1269.5 |
       Dungeon |  19704 |  18147 |   1557 |    586 |  14796 |  15 | 1313.6 |
        Temple |     11 |      6 |      5 |      0 |      0 |   1 |   11.0 |
          Lair |   8643 |   8029 |    614 |     36 |   6664 |   5 | 1728.6 |
   Spider Nest |   2385 |   2187 |    198 |    552 |   1165 |   2 | 1192.5 |
  Orcish Mines |   2904 |   2712 |    192 |     84 |   2027 |   2 | 1452.0 |
        Bailey |    657 |    657 |      0 |    194 |    248 |   1 |  657.0 |
       Volcano |    625 |    625 |      0 |     76 |    318 |   1 |  625.0 |
      Gauntlet |    616 |    616 |      0 |      0 |    338 |   1 |  616.0 |
               +--------+--------+--------+--------+--------+-----+--------+

Top non-repeatable levels by time:
Spider:1: 2316 daAuts
  Lair:4: 2127 daAuts
    D:13: 1919 daAuts
  Lair:5: 1847 daAuts
  Lair:3: 1841 daAuts
   Orc:2: 1815 daAuts
     D:9: 1808 daAuts
  Lair:2: 1736 daAuts
    D:10: 1703 daAuts
    D:12: 1567 daAuts
    D:11: 1524 daAuts
    D:15: 1509 daAuts
     D:8: 1422 daAuts
     D:6: 1235 daAuts
     D:5: 1235 daAuts
